 Dungeon Crawl Stone Soup version 0.18.1-50-g88ac8fd (webtiles) character file.

245 KarmaPolice the Covered (level 5, 0/49 HPs)
             Began as a Deep Dwarf Fighter on Oct 4, 2016.
             Was an Initiate of Ru.
             Killed by divine providence
             ... invoked by an orc priest
              (15 damage)
             ... on level 3 of the Dungeon.
             The game lasted 00:22:47 (2950 turns).

KarmaPolice the Covered (Deep Dwarf Fighter)        Turns: 2950, Time: 00:22:48

Health: 0/49       AC: 12    Str: 20    XL:     5   Next: 83%
Magic:  5/5        EV:  4    Int:  9    God:    Ru [......]
Gold:   126        SH: 10    Dex: 12    Spells: 0 memorised, 4 levels left

rFire  . . .     SeeInvis .     a - +0 long sword
rCold  . . .     Gourm    .     i - +0 plate armour
rNeg   . . .     Faith    .     c - +0 shield
rPois  .         Spirit   .     (no helmet)
rElec  .         Dismiss  .     (no cloak)
rCorr  .         Reflect  .     (no gloves)
SustAt .         Harm     .     (no boots)
MR     .....                    (no amulet)
Stlth  ..........               (no ring)
                                (no ring)

@: non-regenerating, not resistant to hostile enchantments, extremely unstealthy
A: damage resistance, recharge devices, sense surroundings 1, slow regeneration
3
a: Device Recharging, Sacrifice Essence, Sacrifice Skill, Sacrifice Words,
Reject Sacrifices, Renounce Religion


You were on level 3 of the Dungeon.
You worshipped Ru.
Ru was noncommittal.
You were not hungry.

You visited 1 branch of the dungeon, and saw 3 of its levels.

You collected 126 gold pieces.

Inventory:

Hand Weapons
 a - a +0 long sword (weapon)
 f - a +0 rapier
 h - a +0 dagger
 j - a +2 short sword of flaming
 k - a +0 short sword
 p - a +0 hand axe
 r - a +0 dagger
 v - a cursed -1 whip
 w - a +0 whip
 x - a +0 dagger
 A - a +0 hunting sling
 B - a +0 short sword
 C - a +1 trident of freezing
 E - a +0 flail
Missiles
 t - 9 arrows
Armour
 b - a +0 scale mail
 c - a +0 shield (worn)
 i - a +0 plate armour (worn)
 m - a +0 leather armour
 n - a +0 ring mail
 s - a +0 ring mail
 u - a +0 leather armour
 y - a +1 robe of magic resistance
 z - a +0 leather armour
 D - a +0 ring mail
 F - a +0 chain mail
 G - a +0 leather armour
Wands
 e - a wand of heal wounds (1/9)
Scrolls
 g - a scroll of teleportation {unknown}
 l - 2 scrolls of enchant weapon {unknown}
 o - 2 scrolls of identify {unknown}
 q - a scroll of remove curse {unknown}
Potions
 d - a potion of might
 H - a potion of heal wounds {unknown}
 I - a potion of flight {unknown}
Comestibles
 J - a beef jerky


   Skills:
 + Level 3.5 Fighting
 + Level 3.0 Long Blades
 + Level 4.8 Armour
 + Level 1.2 Dodging
 + Level 4.7 Shields
 + Level 0.3 Evocations


You had 4 spell levels left.
You didn't know any spells.

Dungeon Overview and Level Annotations

Branches:
Dungeon (3/15)

Altars:
Dithmenos
Makhleb
Okawaru
Ru
Sif Muna
Yredelemnul


Innate Abilities, Weirdness & Mutations

You are resistant to damage.
You can recharge devices by infusing magical energy.
You passively map a small area around you.
You do not regenerate naturally.


Message History

There is a deep blue altar of Sif Muna here.
The orc wizard casts a spell at you. The magic dart hits you!
There is a deep blue altar of Sif Muna here.
There is a deep blue altar of Sif Muna here.
The orc wizard points at you and mumbles some strange words.
The magic dart hits you!
The orc wizard points at you and mumbles some strange words.
You easily resist.
An orc and an orc priest come into view.
The orc priest shouts!
The orc shouts!
An orc priest comes into view. It is wielding a club.
The orc priest invokes the aid of Beogh against you.
Beogh smites you!
You hear a shout!
An orc comes into view. It is wielding a flail.
The orc shouts!
The orc priest calls down the wrath of Beogh upon you.
Beogh smites you!
You die...

#.oo# * #≈≈≈# #...# , #...# * ,
###'##### , #.8.8.#.. . ,
#.._..#.. * #..
############...##.[
#..##.@........##.###.. , *
#.....###.#.##.##.###.. #.###o#
#.#.##....##..< ..
,#..o#####.#..#.###... , ..#
#........_..#....#<.. *
....o.......#.#..÷÷#.#...
#...#.........#.#.##..... ,
..o...........#.#)##.##..
...........#.........#.#..÷.....


You could see 2 orc priests and 2 orcs.

Vanquished Creatures
  An orc priest (D:3)
  Jessica (D:2)
  Ijyb (D:2)
  A howler monkey zombie (D:3)
  3 gnolls (D:2)
  2 adders (D:2)
  A shadow imp (D:3)
  A worm (D:3)
  2 dart slugs (D:1)
  4 giant geckos
  4 orcs (D:3)
  4 giant cockroaches
  7 goblins
  7 hobgoblins
  12 jackals
  2 quokkas
  2 ball pythons (D:3)
  8 bats
  A giant newt (D:1)
  13 kobolds
  8 rats
85 creatures vanquished.

Notes
Turn   | Place    | Note
--------------------------------------------------------------
     0 | D:1      | KarmaPolice the Deep Dwarf Fighter began the quest for the Orb.
     0 | D:1      | Reached XP level 1. HP: 20/20 MP: 1/1
   138 | D:1      | Reached XP level 2. HP: 25/27 MP: 2/2
   887 | D:1      | Reached XP level 3. HP: 23/34 MP: 3/3
  1197 | D:2      | Noticed Ijyb
  1208 | D:2      | Killed Ijyb
  1208 | D:2      | Reached skill level 1 in Dodging
  1213 | D:2      | Reached XP level 4. HP: 24/42 MP: 4/4
  1313 | D:2      | Found a sacrificial altar of Ru.
  1317 | D:2      | Became a worshipper of Ru the Awakened
  1382 | D:2      | Noticed Jessica
  1402 | D:2      | Killed Jessica
  1747 | D:2      | Found a basalt altar of Yredelemnul.
  1763 | D:2      | Reached XP level 5. HP: 42/49 MP: 5/5
  2153 | D:2      | Found a burning altar of Makhleb.
  2434 | D:3      | Found a shadowy altar of Dithmenos.
  2551 | D:3      | Found an iron altar of Okawaru.
  2608 | D:3      | Found a deep blue altar of Sif Muna.
  2950 | D:3      | Killed from afar by an orc priest

Skill      XL: |  1  2  3  4  5 |
---------------+----------------+-----
Fighting       | 3 |  3.5
Dodging        | 1 |  1.2
Armour         | 4 |  4.8
Shields        | 4 |  4.7
Long Blades    | 3 |  3.0
Evocations     | |  0.3

Action                   |  1- 3 |  4- 6 || total
-------------------------+-------+-------++-------
Melee: Long sword        |   110 |   223 ||   333
Evoke: Wand              |       |     4 ||     4
  Eat: Bread ration      |     1 |       ||     1
       Meat ration       |       |     1 ||     1
Armor: Scale mail        |    38 |       ||    38
       Plate armour      |    63 |   242 ||   305
Dodge: Dodged            |    32 |    56 ||    88
Block: Shield            |    68 |   193 ||   261
